SAAA
ALLOWAY HALBERDS @ ATHLETIC CLUB KC RESERVES
08/25/2029
 
TOP OF THE 1ST
Alloway Halberds batting - Pitching for Athletic Club KC Reserves : RHP Jeremy G. Wentworth
Pitching: RHP Jeremy G. Wentworth
Batting: LHB Juan Caro 0-0: Fly out, F6 (Flyball, 56D)
Batting: LHB Ricardo Ríos 0-0: Swinging Strike
0-1: Fly out, F9 (Flyball, 9)
Batting: RHB Jerry Yates 0-0: Ball
1-0: Ball
2-0: Called Strike
2-1: Ground out 6-3 (Groundball, 6)
Top of the 1st over - 0 runs, 0 hits, 0 errors, 0 left on base; Alloway 0 - Athletic Club KC 0
BOTTOM OF THE 1ST
Athletic Club KC Reserves batting - Pitching for Alloway Halberds : RHP Ryan Dull
Pitching: RHP Ryan Dull
Batting: RHB Khal Drogo 0-0: Swinging Strike
0-1: Ball
1-1: Ball
2-1: Called Strike
2-2: Ball
3-2: Strikes out swinging
Batting: RHB Iván Chacón 0-0: Ball
1-0: Ball
2-0: Foul Ball, location: 2F
2-1: Foul Ball, location: 2F
2-2: Strikes out swinging
Batting: LHB Wu-shun Chu 0-0: Ball
1-0: Foul Ball, location: 2F
1-1: Foul Ball, location: 2F
1-2: Ball
2-2: SINGLE (Groundball, 34) (infield hit)
Batting: LHB Tsai Ng 0-0: Ball
1-0: Called Strike
Wu-shun Chu steals 2nd base
1-1: Fly out, F7 (Line Drive, 78M)
Bottom of the 1st over - 0 runs, 1 hit, 0 errors, 1 left on base; Alloway 0 - Athletic Club KC 0
TOP OF THE 2ND
Alloway Halberds batting - Pitching for Athletic Club KC Reserves : RHP Jeremy G. Wentworth
Batting: LHB José Zarate 0-0: Foul Ball, location: 2F
0-1: Ball
1-1: Ball
2-1: Ball
3-1: Base on Balls
Batting: RHB Vito Middendorf 0-0: Called Strike
0-1: Ball
1-1: Grounds into double play, 4-6-3 (Groundball, 4)
Batting: RHB Carlos De Jesús 0-0: Ball
1-0: Ball
2-0: Called Strike
2-1: Ground out 1-3 (Groundball, 13)
Top of the 2nd over - 0 runs, 0 hits, 0 errors, 0 left on base; Alloway 0 - Athletic Club KC 0
BOTTOM OF THE 2ND
Athletic Club KC Reserves batting - Pitching for Alloway Halberds : RHP Ryan Dull
Batting: RHB Andrés Medina 0-0: Foul Ball, location: 2F
0-1: SINGLE (Line Drive, 6MD)
Batting: RHB Dani Reyes 0-0: Ball
Throwing error on steal attempt, E2
Andrés Medina to third
1-0: SINGLE (Groundball, 56D)
Andrés Medina scores
Batting: RHB Allen Williams 0-0: Ball
1-0: Ball
2-0: Grounds into double play, 6-4-3 (Groundball, 6)
Batting: RHB Geoff Rivers 0-0: Ball
1-0: Swinging Strike
1-1: Called Strike
1-2: Ground out 1-3 (Groundball, 13S)
Bottom of the 2nd over - 1 run, 2 hits, 1 error, 0 left on base; Alloway 0 - Athletic Club KC 1
TOP OF THE 3RD
Alloway Halberds batting - Pitching for Athletic Club KC Reserves : RHP Jeremy G. Wentworth
Batting: RHB Jarred Morgan 0-0: Ball
1-0: Ball
2-0: Called Strike
2-1: Ball
3-1: Base on Balls
Batting: RHB Jordan Hollins 0-0: Called Strike
0-1: Ball
1-1: Foul Ball, location: 2F
1-2: Ball
2-2: Strikes out swinging
Batting: RHB Juan Salinas 0-0: Called Strike
0-1: Ball
1-1: Ball
2-1: Ball
Jarred Morgan steals 2nd base
3-1: Foul Ball, location: 2F
3-2: Foul Ball, location: 2F
3-2: DOUBLE (Line Drive, 8LXD)
Jarred Morgan scores
Batting: LHB Juan Caro 0-0: Ball
1-0: Ball
2-0: Ball
3-0: Base on Balls
Batting: LHB Ricardo Ríos 0-0: Called Strike
0-1: Ball
1-1: Ball
2-1: Swinging Strike
2-2: Foul Ball, location: 2F
2-2: Strikes out swinging
Batting: RHB Jerry Yates 0-0: Foul Ball, location: 2F
0-1: Ball
1-1: Swinging Strike
1-2: Foul Ball, location: 2F
1-2: Ball
2-2: Foul Ball, location: 2F
2-2: Fly out, F7 (Flyball, 7D)
Top of the 3rd over - 1 run, 1 hit, 0 errors, 2 left on base; Alloway 1 - Athletic Club KC 1
BOTTOM OF THE 3RD
Athletic Club KC Reserves batting - Pitching for Alloway Halberds : RHP Ryan Dull
Batting: LHB Héctor Barrios 0-0: Fly out, F8 (Flyball, 8RM)
Batting: RHB Khal Drogo 0-0: Swinging Strike
0-1: Foul Ball, location: 2F
0-2: Strikes out swinging
Batting: RHB Iván Chacón 0-0: Foul Ball, location: 2F
0-1: Fly out, F7 (Flyball, 7LM)
Bottom of the 3rd over - 0 runs, 0 hits, 0 errors, 0 left on base; Alloway 1 - Athletic Club KC 1
TOP OF THE 4TH
Alloway Halberds batting - Pitching for Athletic Club KC Reserves : RHP Jeremy G. Wentworth
Batting: LHB José Zarate 0-0: Ball
1-0: Ball
2-0: Foul Ball, location: 2F
2-1: SINGLE (Groundball, 4MD)
Batting: RHB Vito Middendorf 0-0: Called Strike
0-1: SINGLE (Groundball, 34S) (infield hit)
José Zarate to second
Batting: RHB Carlos De Jesús 0-0: Called Strike
0-1: Swinging Strike
0-2: Foul Ball, location: 2F
0-2: Ball
1-2: Strikes out swinging
Batting: RHB Jarred Morgan 0-0: Foul Ball, location: 2F
0-1: Foul Ball, location: 2F
0-2: Ball
1-2: Grounds into double play, 1-6-3 (Groundball, P)
Top of the 4th over - 0 runs, 2 hits, 0 errors, 1 left on base; Alloway 1 - Athletic Club KC 1
BOTTOM OF THE 4TH
Athletic Club KC Reserves batting - Pitching for Alloway Halberds : RHP Ryan Dull
Batting: LHB Wu-shun Chu 0-0: Ground out 4-3 (Groundball, 4)
Batting: LHB Tsai Ng 0-0: Ball
1-0: Swinging Strike
1-1: Swinging Strike
1-2: Foul Ball, location: 2F
1-2: SOLO HOME RUN (Flyball, 89XD), Distance : 371 ft
Batting: RHB Andrés Medina 0-0: Ball
1-0: Swinging Strike
1-1: Foul Ball, location: 2F
1-2: Ball
2-2: Ball
3-2: Foul Ball, location: 2F
3-2: Base on Balls
Batting: RHB Dani Reyes 0-0: Called Strike
0-1: Called Strike
0-2: Ball
1-2: Fly out, F7 (Flyball, 7S)
Batting: RHB Allen Williams 0-0: Ball
1-0: Fielders Choice at 2nd, U4 (Groundball, 4M)
Bottom of the 4th over - 1 run, 1 hit, 0 errors, 1 left on base; Alloway 1 - Athletic Club KC 2
TOP OF THE 5TH
Alloway Halberds batting - Pitching for Athletic Club KC Reserves : RHP Jeremy G. Wentworth
Batting: RHB Jordan Hollins 0-0: Swinging Strike
0-1: Ground out 6-3 (Groundball, 56)
Batting: RHB Juan Salinas 0-0: Ball
1-0: Ball
2-0: Swinging Strike
2-1: Ball
3-1: Ground out 4-3 (Groundball, 4)
Batting: LHB Juan Caro 0-0: Called Strike
0-1: Swinging Strike
0-2: Ball
1-2: Foul Ball, location: 2F
1-2: Foul Ball, location: 2F
1-2: Ball
2-2: Foul Ball, location: 2F
2-2: Ball
3-2: Base on Balls
Batting: LHB Ricardo Ríos 0-0: Ball
1-0: Swinging Strike
1-1: Swinging Strike
1-2: Hit by Pitch
Juan Caro to second
Pitching: LHP Sacco Brouwers
Batting: RHB Jerry Yates 0-0: Called Strike
0-1: Ball
1-1: Called Strike
1-2: Strikes out swinging passed ball, reaches first!
Juan Caro to third
Ricardo Ríos to second
Batting: LHB José Zarate 0-0: Ball
1-0: Ball
2-0: DOUBLE (Line Drive, 9D)
Juan Caro scores
Ricardo Ríos scores
Jerry Yates to third
Batting: RHB Vito Middendorf 0-0: Foul Ball, location: 2F
0-1: Ball
1-1: Called Strike
1-2: Strikes out swinging
Top of the 5th over - 2 runs, 1 hit, 0 errors, 2 left on base; Alloway 3 - Athletic Club KC 2
BOTTOM OF THE 5TH
Athletic Club KC Reserves batting - Pitching for Alloway Halberds : RHP Ryan Dull
Batting: RHB Geoff Rivers 0-0: Called Strike
0-1: Fly out, F8 (Flyball, 8LXD)
Batting: LHB Héctor Barrios 0-0: Ground out 6-3 (Groundball, 6)
Batting: RHB Khal Drogo 0-0: Ball
1-0: Called Strike
1-1: Ball
2-1: Ball
3-1: Fly out, F7 (Line Drive, 7)
Bottom of the 5th over - 0 runs, 0 hits, 0 errors, 0 left on base; Alloway 3 - Athletic Club KC 2
TOP OF THE 6TH
Alloway Halberds batting - Pitching for Athletic Club KC Reserves : LHP Sacco Brouwers
Batting: RHB Carlos De Jesús 0-0: Ball
1-0: Ball
2-0: Ball
3-0: Called Strike
3-1: Base on Balls
Batting: RHB Jarred Morgan 0-0: Bunted foul
0-1: Sac Bunt - play at second, runner OUT! 2-6
Batting: RHB Jordan Hollins Pickoff Throw to First - Error! E1
Jarred Morgan to second
0-0: Swinging Strike
0-1: Ball
1-1: Foul Ball, location: 2F
1-2: Strikes out looking
Batting: RHB Juan Salinas 0-0: Foul Ball, location: 2F
0-1: Swinging Strike
0-2: DOUBLE (Flyball, 78XD)
Jarred Morgan scores
Batting: LHB Juan Caro 0-0: Called Strike
0-1: Ball
1-1: Ball
Wild Pitch!
Juan Salinas to third
2-1: Foul Ball, location: 2F
2-2: Strikes out swinging
Top of the 6th over - 1 run, 1 hit, 1 error, 1 left on base; Alloway 4 - Athletic Club KC 2
BOTTOM OF THE 6TH
Athletic Club KC Reserves batting - Pitching for Alloway Halberds : RHP Ryan Dull
Batting: RHB Iván Chacón 0-0: Called Strike
0-1: Called Strike
0-2: Foul Ball, location: 2F
0-2: Ball
1-2: Ball
2-2: Fly out, F9 (Flyball, 89XD)
Batting: LHB Wu-shun Chu 0-0: Foul Ball, location: 2F
0-1: SOLO HOME RUN (Line Drive, 89XD), Distance : 383 ft
Batting: LHB Tsai Ng 0-0: Fly out, F9 (Flyball, 89S)
Batting: RHB Andrés Medina 0-0: Ground out 5-3 (Groundball, 56)
Bottom of the 6th over - 1 run, 1 hit, 0 errors, 0 left on base; Alloway 4 - Athletic Club KC 3
TOP OF THE 7TH
Alloway Halberds batting - Pitching for Athletic Club KC Reserves : LHP Sacco Brouwers
Batting: LHB Ricardo Ríos 0-0: Foul Ball, location: 2F
0-1: Called Strike
0-2: Strikes out swinging
Batting: RHB Jerry Yates 0-0: Fly out, F9 (Flyball, 9S)
Batting: LHB José Zarate 0-0: Ball
1-0: Ball
2-0: Called Strike
2-1: Fly out, F9 (Flyball, 9S)
Top of the 7th over - 0 runs, 0 hits, 0 errors, 0 left on base; Alloway 4 - Athletic Club KC 3
BOTTOM OF THE 7TH
Athletic Club KC Reserves batting - Pitching for Alloway Halberds : RHP Ryan Dull
Batting: RHB Dani Reyes 0-0: Ground out 1-3 (Groundball, 13S)
Batting: RHB Allen Williams 0-0: Swinging Strike
0-1: Ball
1-1: Foul Ball, location: 2F
1-2: Ball
2-2: Fly out, F3 (Popup, 3SF)
Batting: RHB Geoff Rivers 0-0: Ball
1-0: Ball
2-0: Ball
3-0: Foul Ball, location: 2F
3-1: Called Strike
3-2: Ground out 6-3 (Groundball, 6)
Bottom of the 7th over - 0 runs, 0 hits, 0 errors, 0 left on base; Alloway 4 - Athletic Club KC 3
TOP OF THE 8TH
Alloway Halberds batting - Pitching for Athletic Club KC Reserves : LHP Sacco Brouwers
Batting: RHB Vito Middendorf 0-0: Fly out, F8 (Flyball, 8LXD)
Batting: RHB Carlos De Jesús 0-0: Called Strike
0-1: Ball
1-1: Foul Ball, location: 2F
1-2: Foul Ball, location: 2F
1-2: Ball
2-2: Ball
3-2: Base on Balls
Batting: RHB Jarred Morgan 0-0: Fly out, F9 (Flyball, 9S)
Batting: RHB Jordan Hollins 0-0: SINGLE (Flyball, 6D)
Carlos De Jesús to second
Batting: RHB Juan Salinas 0-0: Swinging Strike
0-1: Ball
1-1: Swinging Strike
1-2: Ground out 1-3 (Groundball, 15)
Top of the 8th over - 0 runs, 1 hit, 0 errors, 2 left on base; Alloway 4 - Athletic Club KC 3
BOTTOM OF THE 8TH
Athletic Club KC Reserves batting - Pitching for Alloway Halberds : RHP Ryan Dull
Now in LF: Ramón Rivera
Batting: LHB Héctor Barrios 0-0: Called Strike
0-1: Foul Ball, location: 2F
0-2: Strikes out looking
Batting: RHB Khal Drogo 0-0: Ball
1-0: Fly out, F8 (Flyball, 78D)
Batting: RHB Iván Chacón 0-0: Ball
1-0: SOLO HOME RUN (Flyball, 9D), Distance : 344 ft
Batting: LHB Wu-shun Chu 0-0: Ball
1-0: Swinging Strike
1-1: Foul Ball, location: 2F
1-2: Ball
2-2: Strikes out swinging
Bottom of the 8th over - 1 run, 1 hit, 0 errors, 0 left on base; Alloway 4 - Athletic Club KC 4
TOP OF THE 9TH
Alloway Halberds batting - Pitching for Athletic Club KC Reserves : LHP Sacco Brouwers
Pitching: LHP António Silva
Pinch Hitting: RHB Bryan Clifton 0-0: Foul Ball, location: 2F
0-1: Ball
1-1: Foul Ball, location: 2F
1-2: Strikes out swinging
Batting: LHB Ricardo Ríos 0-0: Ball
1-0: Ball
2-0: Called Strike
2-1: Fly out, F8 (Line Drive, 8RM)
Batting: RHB Jerry Yates 0-0: Ball
1-0: Swinging Strike
1-1: Ball
2-1: Foul Ball, location: 2F
2-2: Strikes out looking
Top of the 9th over - 0 runs, 0 hits, 0 errors, 0 left on base; Alloway 4 - Athletic Club KC 4
BOTTOM OF THE 9TH
Athletic Club KC Reserves batting - Pitching for Alloway Halberds : RHP Ryan Dull
Now in LF: Bryan Clifton
Batting: LHB Tsai Ng 0-0: Ball
1-0: Swinging Strike
1-1: Foul Ball, location: 2F
1-2: Ball
2-2: Foul Ball, location: 2F
2-2: Foul Ball, location: 2F
2-2: Ball
3-2: Fly out, F7 (Line Drive, 7)
Batting: RHB Andrés Medina 0-0: Swinging Strike
0-1: Ball
1-1: Ball
2-1: Swinging Strike
2-2: Ball
3-2: Base on Balls
Pitching: RHP Shi-lin Li
Batting: RHB Dani Reyes 0-0: Called Strike
0-1: Called Strike
0-2: Foul Ball, location: 2F
0-2: Ground out 5-3 (Groundball, 56S)
Andrés Medina to second
Batting: RHB Allen Williams 0-0: Foul Ball, location: 2F
0-1: Fly out, F5 (Popup, 56S)
Bottom of the 9th over - 0 runs, 0 hits, 0 errors, 1 left on base; Alloway 4 - Athletic Club KC 4
TOP OF THE 10TH
Alloway Halberds batting - Pitching for Athletic Club KC Reserves : LHP António Silva
Batting: LHB José Zarate 0-0: Fly out, F4 (Line Drive, 4M)
Batting: RHB Vito Middendorf 0-0: Ball
1-0: Ball
2-0: Ball
3-0: Base on Balls
Pinch Hitting: RHB Octávio Beltzán 0-0: Ball
1-0: Fly out, F8 (Flyball, 8RS)
Batting: RHB Jarred Morgan 0-0: Ball
Vito Middendorf steals 2nd base
1-0: Ball
2-0: Called Strike
2-1: Foul Ball, location: 2F
2-2: Strikes out swinging
Top of the 10th over - 0 runs, 0 hits, 0 errors, 1 left on base; Alloway 4 - Athletic Club KC 4
BOTTOM OF THE 10TH
Athletic Club KC Reserves batting - Pitching for Alloway Halberds : RHP Shi-lin Li
Pitching: RHP Bryan Tuff
Now in CF: Octávio Beltzán
Pinch Hitting: SHB Fernando Luna 0-0: SINGLE (Line Drive, 8RS)
Pinch Runner at 1st Tony Osorio:
Batting: LHB Héctor Barrios 0-0: Sac Bunt - play at first, batter OUT! 1-4
Tony Osorio to second
Batting: RHB Khal Drogo 0-0: Swinging Strike
0-1: Swinging Strike
0-2: Ball
1-2: Ball
2-2: Ball
3-2: Foul Ball, location: 2F
3-2: Base on Balls
Batting: RHB Iván Chacón 0-0: Fly out, F8 (Flyball, 8RM)
Batting: LHB Wu-shun Chu 0-0: Swinging Strike
0-1: Called Strike
0-2: Fly out, F5 (Line Drive, 56S)
Bottom of the 10th over - 0 runs, 1 hit, 0 errors, 2 left on base; Alloway 4 - Athletic Club KC 4
TOP OF THE 11TH
Alloway Halberds batting - Pitching for Athletic Club KC Reserves : LHP António Silva
Pitching: LHP Jesús Márquez
Now in CF: Tony Osorio
Batting: RHB Jordan Hollins 0-0: Called Strike
0-1: Ground out 6-3 (Groundball, 56)
Batting: RHB Juan Salinas 0-0: Ground out 5-3 (Groundball, 56S)
Batting: RHB Bryan Clifton 0-0: Ball
1-0: Foul Ball, location: 2F
1-1: Swinging Strike
1-2: SINGLE (Line Drive, 56D)
Batting: LHB Ricardo Ríos 0-0: Ball
1-0: Ball
2-0: Ground out 4-3 (Groundball, 4)
Top of the 11th over - 0 runs, 1 hit, 0 errors, 1 left on base; Alloway 4 - Athletic Club KC 4
BOTTOM OF THE 11TH
Athletic Club KC Reserves batting - Pitching for Alloway Halberds : RHP Bryan Tuff
Batting: LHB Tsai Ng 0-0: Ball
1-0: Called Strike
1-1: Called Strike
1-2: Ball
2-2: Ball
3-2: Strikes out swinging
Batting: RHB Andrés Medina 0-0: Ball
1-0: Ball
2-0: SINGLE (Groundball, 56D)
Batting: RHB Dani Reyes 0-0: Called Strike
0-1: Ball
1-1: Ball
2-1: Ball
3-1: Fly out, F4 (Popup, 34)
Batting: RHB Allen Williams 0-0: Foul Ball, location: 2F
0-1: Ball
1-1: Ball
2-1: Swinging Strike
2-2: Foul Ball, location: 2F
2-2: Fly out, F8 (Flyball, 89D)
Bottom of the 11th over - 0 runs, 1 hit, 0 errors, 1 left on base; Alloway 4 - Athletic Club KC 4
TOP OF THE 12TH
Alloway Halberds batting - Pitching for Athletic Club KC Reserves : LHP Jesús Márquez
Batting: RHB Jerry Yates 0-0: Ball
1-0: Fly out, F6 (Line Drive, 6M)
Batting: LHB José Zarate 0-0: DOUBLE (Flyball, 8RXD)
Batting: RHB Vito Middendorf 0-0: Ground out 5-3 (Groundball, 56)
Batting: RHB Octávio Beltzán 0-0: Called Strike
0-1: Called Strike
0-2: Strikes out looking
Top of the 12th over - 0 runs, 1 hit, 0 errors, 1 left on base; Alloway 4 - Athletic Club KC 4
BOTTOM OF THE 12TH
Athletic Club KC Reserves batting - Pitching for Alloway Halberds : RHP Bryan Tuff
Pitching: RHP Akihiko Rin
Batting: RHB Tony Osorio 0-0: Ball
1-0: Ball
2-0: Swinging Strike
2-1: Ground out 6-3 (Groundball, 6M)
Batting: LHB Héctor Barrios 0-0: Called Strike
0-1: Ball
1-1: Foul Ball, location: 2F
1-2: Ball
2-2: Ground out 6-3 (Groundball, 6)
Batting: RHB Khal Drogo 0-0: Ball
1-0: Ball
2-0: Swinging Strike
2-1: Fly out, F8 (Flyball, 89M)
Bottom of the 12th over - 0 runs, 0 hits, 0 errors, 0 left on base; Alloway 4 - Athletic Club KC 4
TOP OF THE 13TH
Alloway Halberds batting - Pitching for Athletic Club KC Reserves : LHP Jesús Márquez
Pitching: RHP Haden Pittman
Batting: RHB Jarred Morgan 0-0: Foul Ball, location: 2F
0-1: Called Strike
0-2: Ground out 5-3 (Groundball, 56S)
Pinch Hitting: LHB Armando Becerra 0-0: SINGLE (Flyball, 78M)
Pinch Runner at 1st Rafael Delgado:
Batting: RHB Juan Salinas 0-0: Ball
Rafael Delgado is caught stealing 2nd base
1-0: Ball
2-0: Called Strike
2-1: Fly out, F9 (Flyball, 89D)
Top of the 13th over - 0 runs, 1 hit, 0 errors, 0 left on base; Alloway 4 - Athletic Club KC 4
BOTTOM OF THE 13TH
Athletic Club KC Reserves batting - Pitching for Alloway Halberds : RHP Akihiko Rin
Now in LF: Rafael Delgado
Batting: RHB Iván Chacón 0-0: Called Strike
0-1: Ball
1-1: Foul Ball, location: 2F
1-2: Ball
2-2: Strikes out swinging
Batting: LHB Wu-shun Chu 0-0: Ball
1-0: Ground out 4-3 (Groundball, 4MD)
Batting: LHB Tsai Ng 0-0: Foul Ball, location: 2F
0-1: Ground out U3 (Groundball, 3)
Bottom of the 13th over - 0 runs, 0 hits, 0 errors, 0 left on base; Alloway 4 - Athletic Club KC 4
TOP OF THE 14TH
Alloway Halberds batting - Pitching for Athletic Club KC Reserves : RHP Haden Pittman
Batting: RHB Bryan Clifton 0-0: Called Strike
0-1: Ball
1-1: Ball
2-1: Swinging Strike
2-2: Foul Ball, location: 2F
2-2: Foul Ball, location: 2F
2-2: Ball
3-2: Base on Balls
Batting: LHB Ricardo Ríos 0-0: Called Strike
0-1: Called Strike
0-2: Fielders Choice at 2nd, 4-6 (Groundball, 4M)
Batting: RHB Jerry Yates 0-0: Called Strike
0-1: Swinging Strike
0-2: Foul Ball, location: 2F
0-2: Fly out, F7 (Line Drive, 7D)
Batting: LHB José Zarate 0-0: Called Strike
Ricardo Ríos steals 2nd base
0-1: Ball
1-1: Ball
2-1: Ball
3-1: Foul Ball, location: 2F
Balk!
Ricardo Ríos to third
3-2: Base on Balls
Batting: RHB Vito Middendorf 0-0: Ball
1-0: Ball
2-0: Ball
3-0: Base on Balls
José Zarate to second
Batting: RHB Octávio Beltzán 0-0: Foul Ball, location: 2F
0-1: SINGLE (Groundball, 4MD)
Ricardo Ríos scores
José Zarate to third
Vito Middendorf to second
Runner from 3rd tries for Home, SAFE, no throw
Batting: RHB Jarred Morgan 0-0: Called Strike
0-1: Ball
1-1: Foul Ball, location: 2F
1-2: Ball
2-2: Ground out 5-3 (Groundball, 25)
Top of the 14th over - 2 runs, 1 hit, 0 errors, 2 left on base; Alloway 6 - Athletic Club KC 4
BOTTOM OF THE 14TH
Athletic Club KC Reserves batting - Pitching for Alloway Halberds : RHP Akihiko Rin
Batting: RHB Andrés Medina 0-0: Ball
1-0: Swinging Strike
1-1: Ball
2-1: Foul Ball, location: 2F
2-2: Ball
3-2: Base on Balls
Batting: RHB Dani Reyes 0-0: Swinging Strike
0-1: Ball
1-1: Swinging Strike
1-2: Strikes out looking
Pitching: RHP Domingo Álvarez
Batting: RHB Allen Williams 0-0: Called Strike
0-1: Ball
1-1: Called Strike
1-2: 2-RUN HOME RUN (Flyball, 7LD), Distance : 338 ft
Batting: RHB Tony Osorio 0-0: SINGLE (Groundball, 56D)
Batting: LHB Héctor Barrios 0-0: Called Strike
0-1: Ball
1-1: Ball
2-1: Fly out, F7 (Flyball, 7)
Batting: RHB Khal Drogo 0-0: Foul Ball, location: 2F
0-1: Ball
1-1: Ball
2-1: Called Strike
2-2: Ball
3-2: Fly out, F7 (Flyball, 78M)
Bottom of the 14th over - 2 runs, 2 hits, 0 errors, 1 left on base; Alloway 6 - Athletic Club KC 6
TOP OF THE 15TH
Alloway Halberds batting - Pitching for Athletic Club KC Reserves : RHP Haden Pittman
Pitching: RHP Rich Gibbs
Pinch Hitting: LHB Jesús Trevino 0-0: Ball
1-0: Ball
2-0: Called Strike
2-1: Foul Ball, location: 2F
2-2: Ball
3-2: Base on Balls
Batting: RHB Juan Salinas 0-0: Ball
1-0: Foul Ball, location: 2F
1-1: Swinging Strike
1-2: Ball
2-2: Grounds into double play, 4-6-3 (Groundball, 4)
Batting: RHB Bryan Clifton 0-0: Called Strike
0-1: Ball
1-1: Ball
2-1: Ball
3-1: Base on Balls
Batting: LHB Ricardo Ríos 0-0: Called Strike
0-1: Foul Ball, location: 2F
0-2: Ball
1-2: Strikes out swinging
Top of the 15th over - 0 runs, 0 hits, 0 errors, 1 left on base; Alloway 6 - Athletic Club KC 6
BOTTOM OF THE 15TH
Athletic Club KC Reserves batting - Pitching for Alloway Halberds : RHP Domingo Álvarez
Pitching: RHP Willie Simmons
Now at 3B: Jesús Trevino
Batting: RHB Iván Chacón 0-0: SINGLE (Groundball, 6) (infield hit)
Batting: LHB Wu-shun Chu 0-0: Ball
1-0: Ball
2-0: Ball
3-0: Called Strike
3-1: Grounds into double play, 4-6-3 (Groundball, 4)
Batting: LHB Tsai Ng 0-0: Foul Ball, location: 2F
0-1: Ball
1-1: Ball
2-1: Fly out, F8 (Line Drive, 8RS)
Bottom of the 15th over - 0 runs, 1 hit, 0 errors, 0 left on base; Alloway 6 - Athletic Club KC 6
TOP OF THE 16TH
Alloway Halberds batting - Pitching for Athletic Club KC Reserves : RHP Rich Gibbs
Batting: RHB Jerry Yates 0-0: Called Strike
0-1: Called Strike
0-2: Ground out 5-3 (Groundball, 56S)
Batting: LHB José Zarate 0-0: Called Strike
0-1: Ball
1-1: Fly out, F4 (Line Drive, 4)
Batting: RHB Vito Middendorf 0-0: Called Strike
0-1: Called Strike
0-2: Strikes out swinging
Top of the 16th over - 0 runs, 0 hits, 0 errors, 0 left on base; Alloway 6 - Athletic Club KC 6
BOTTOM OF THE 16TH
Athletic Club KC Reserves batting - Pitching for Alloway Halberds : RHP Willie Simmons
Batting: RHB Andrés Medina 0-0: Called Strike
0-1: Ball
1-1: Swinging Strike
1-2: Ball
2-2: Ball
3-2: Base on Balls
Batting: RHB Dani Reyes 0-0: Ball
1-0: Grounds into double play, 3-6-3 (Groundball, 3)
Batting: RHB Allen Williams 0-0: Called Strike
0-1: Ball
1-1: Ball
2-1: SINGLE (Groundball, 4D)
Batting: RHB Tony Osorio 0-0: Called Strike
0-1: Ball
1-1: Swinging Strike
1-2: SINGLE (Line Drive, 34D)
Allen Williams to second
Batting: LHB Héctor Barrios 0-0: Ball
1-0: Foul Ball, location: 2F
1-1: Foul Ball, location: 2F
1-2: Foul Ball, location: 2F
1-2: Foul Ball, location: 2F
1-2: Fly out, F1 (Popup, 15)
Bottom of the 16th over - 0 runs, 2 hits, 0 errors, 2 left on base; Alloway 6 - Athletic Club KC 6
TOP OF THE 17TH
Alloway Halberds batting - Pitching for Athletic Club KC Reserves : RHP Rich Gibbs
Pitching: RHP Greg Patterson
Batting: RHB Octávio Beltzán 0-0: Ground out 5-3 (Groundball, 56S)
Batting: RHB Jarred Morgan 0-0: Called Strike
0-1: Foul Ball, location: 2F
0-2: SINGLE (Popup, 34D)
Batting: LHB Jesús Trevino 0-0: Ball
1-0: Ball
2-0: Called Strike
2-1: Fielders Choice at 2nd, 4-6 (Groundball, 4M)
Batting: RHB Juan Salinas 0-0: Fly out, F7 (Flyball, 78D)
Top of the 17th over - 0 runs, 1 hit, 0 errors, 1 left on base; Alloway 6 - Athletic Club KC 6
BOTTOM OF THE 17TH
Athletic Club KC Reserves batting - Pitching for Alloway Halberds : RHP Willie Simmons
Batting: RHB Khal Drogo 0-0: Called Strike
0-1: Called Strike
0-2: Foul Ball, location: 2F
0-2: Foul Ball, location: 2F
0-2: Ball
1-2: Ball
2-2: Ball
3-2: SINGLE (Groundball, 25) (infield hit)
Batting: RHB Iván Chacón 0-0: Ball
1-0: Called Strike
1-1: Swinging Strike
1-2: Foul Ball, location: 2F
1-2: Ball
2-2: Foul Ball, location: 2F
2-2: Ball
3-2: Base on Balls
Khal Drogo to second
Batting: LHB Wu-shun Chu 0-0: Foul Ball, location: 2F
0-1: Ball
1-1: Foul Ball, location: 2F
1-2: Ball
2-2: Strikes out looking
Batting: LHB Tsai Ng 0-0: Ball
Khal Drogo is caught stealing 3rd base
1-0: Fly out, F7 (Flyball, 7LDF)
Bottom of the 17th over - 0 runs, 1 hit, 0 errors, 1 left on base; Alloway 6 - Athletic Club KC 6
TOP OF THE 18TH
Alloway Halberds batting - Pitching for Athletic Club KC Reserves : RHP Greg Patterson
Batting: RHB Bryan Clifton 0-0: Called Strike
0-1: Foul Ball, location: 2F
0-2: Ball
1-2: Ball
2-2: Strikes out swinging
Batting: LHB Ricardo Ríos 0-0: Foul Ball, location: 2F
0-1: Foul Ball, location: 2F
0-2: Ball
1-2: Ball
2-2: Ball
3-2: Base on Balls
Batting: RHB Jerry Yates 0-0: Called Strike
0-1: Swinging Strike
0-2: Ball
1-2: Strikes out swinging
Batting: LHB José Zarate 0-0: Ball
1-0: Called Strike
Ricardo Ríos steals 2nd base
1-1: Ball
2-1: Ball
3-1: Base on Balls
Batting: RHB Vito Middendorf 0-0: Ball
1-0: SINGLE (Groundball, 56D)
Ricardo Ríos to third
José Zarate to second
Runner from 3rd tries for Home, SAFE, no throw
Batting: RHB Octávio Beltzán 0-0: Fielders Choice at 2nd, 6-4 (Groundball, 6)
Top of the 18th over - 1 run, 1 hit, 0 errors, 2 left on base; Alloway 7 - Athletic Club KC 6
BOTTOM OF THE 18TH
Athletic Club KC Reserves batting - Pitching for Alloway Halberds : RHP Willie Simmons
Batting: RHB Andrés Medina 0-0: Fly out, F8 (Flyball, 8RM)
Batting: RHB Dani Reyes 0-0: Ball
1-0: Fly out, F7 (Flyball, 7)
Batting: RHB Allen Williams 0-0: Fly out, F9 (Flyball, 9LD)
Bottom of the 18th over - 0 runs, 0 hits, 0 errors, 0 left on base; Alloway 7 - Athletic Club KC 6
Tuesday, December 19th, 2017 - OOTP Baseball 18.8 Build 76